 Dungeon Crawl Stone Soup version 0.28-a0-998-gb9e9c7b67e (webtiles) character file.

Game seed: 14162222241825015435

1213 Redcow54321 the Grappler (level 8, -1/74 HPs)
             Began as a Troll Fighter on Dec 5, 2021.
             Slain by an orc (4 damage)
             ... on level 5 of the Dungeon.
             The game lasted 00:06:46 (3576 turns).

Redcow54321 the Grappler (Troll Fighter)            Turns: 3576, Time: 00:06:46

Health: -1/74      AC:  4    Str: 27    XL:     8   Next: 22%
Magic:  7/7        EV: 10    Int:  7    God:
Gold:   213        SH:  0    Dex: 15    Spells: 7/7 levels left

rFire   . . .      SeeInvis .     - Unarmed
rCold   . . .      Faith    .   (no shield)
rNeg    . . .      Spirit   .   a - +0 robe
rPois   .          Reflect  .   k - +0 hat
rElec   .          Harm     .   (no cloak)
rCorr   +          Rampage  .   (gloves unavailable)
Will    .....                   (boots unavailable)
Stlth   +.........              o - amulet of magic regeneration
HPRegen 1.82/turn               m - ring of Xeocusylegi {rCorr Int+3 Dex+6}
MPRegen 0.50/turn               (no ring)

@: on berserk cooldown, slowed, very slow
A: large, unfitting armour, claws 3, regeneration 2, shaggy fur 1, tough skin 1,
talons 1, wild magic 1
a: no special abilities


You were on level 5 of the Dungeon.
You visited 1 branch of the dungeon, and saw 5 of its levels.

You collected 213 gold pieces.

Inventory:

Armour
 a - a +0 robe (worn)
 b - a +0 kite shield
 k - a +0 hat (worn)
Jewellery
 m - the ring of Xeocusylegi (left claw) {rCorr Int+3 Dex+6}
   (You found it on level 4 of the Dungeon)

   [ring of dexterity]

   Int:       It affects your intelligence (+3).
   Dex:       It affects your dexterity (+6).
   rCorr:     It protects you from acid and corrosion.
 o - an amulet of magic regeneration (around neck)
 q - a +4 ring of evasion
Scrolls
 e - a scroll of magic mapping {unknown}
 g - a scroll of silence {unknown}
 h - 3 scrolls of identify
 i - a scroll of teleportation
 j - a scroll of vulnerability {unknown}
 l - 2 scrolls of fog {unknown}
 n - a scroll of amnesia {unknown}
 p - a scroll of noise {unknown}
Potions
 c - a potion of ambrosia {unknown}
 f - 2 potions of berserk rage
 r - a potion of magic {unknown}
 s - a potion of heal wounds {unknown}


   Skills:
 - Level 2.4 Fighting
 - Level 2.4 Dodging
 - Level 2.4 Shields
 * Level 10.1 Unarmed Combat


You had 7 spell levels left.
You didn't know any spells.
Your spell library contained the following spells:

 Spells                   Type           Power      Damage    Failure   Level
 Magic Dart               Conj           0%         1d3       52%         1
 Call Imp                 Summ           0%         N/A       65%         2
 Corpse Rot               Necr/Air       0%         N/A       65%         2
 Poisonous Vapours        Pois/Air       0%         N/A       65%         2
 Mephitic Cloud           Conj/Pois/Air  0%         N/A       86%         3
 Tukima's Dance           Hex            0%         N/A       86%         3
 Passage of Golubria      Tloc           0%         N/A       99%         4
 Yara's Violent Unravell  Hex/Tmut       0%         3d3       100%        5


Dungeon Overview and Level Annotations

Branches:
Dungeon (5/15)             Temple (0/1) D:4

Altars:
Ashenzari
Dithmenos
Hepliaklqana
Makhleb
Uskayaw
Vehumet
Wu Jian


Innate Abilities, Weirdness & Mutations

You are too large for most types of armour.
You have claws for hands.
You heal very quickly.
You are covered in fur. (AC +1)
You have tough skin. (AC +1)
You have sharp toenails.
Your spells are a little harder to cast, but a little more powerful.


Message History

You closely miss the phantom. Your kick misses the phantom.
The phantom is lightly damaged.
You are no longer berserk.
You are exhausted.
You feel yourself slow down.
An orc comes into view. It is wielding a +0 war axe.
The orc shouts!
You hear a shout!
The phantom hits you!
* * * LOW HITPOINT WARNING * * *
You hear some strange, mumbled words.
You are confused.
An orc comes into view. It is wielding a +0 flail.
The orc hits you from afar with a +0 trident.
* * * LOW HITPOINT WARNING * * *
The phantom barely misses you.
You closely miss the orc. Something hits you but does no damage.
The orc closely misses you. The orc completely misses you.
An orc comes into view. It is wielding a +0 club.
The phantom hits you but does no damage.
The orc throws a boomerang.
The boomerang closely misses you.
You closely miss the phantom. Your kick misses the phantom.
The phantom is lightly damaged.
The phantom misses you.
You miss the phantom. Your kick misses the phantom.
The phantom is lightly damaged.
The phantom hits you.
* * * LOW HITPOINT WARNING * * *
The phantom blinks!
You blink.
The orc hits you with a +0 trident.
* * * LOW HITPOINT WARNING * * *
The phantom misses you.
You feel better.
The orc shouts!
Something hits you but does no damage.
The ogre hits you with a +0 giant spiked club!!
* * * LOW HITPOINT WARNING * * *
The orc hits you with a +0 trident.
* * * LOW HITPOINT WARNING * * *
The phantom barely misses you. Something hits you but does no damage.
The orc hits you with a +0 flail.
You die...

.. ....#####
........# ..
#§# ...###§##
........Z###
o....ooo.O.#
.......W@..#
#.#....o...#
# #.>......#
#........#
..........###
##..........#
#.##.....#.#
## #.
#.......# ≈##
##._.?._.##


You could see a phantom, an ogre, 4 orcs and a bullfrog zombie.

Vanquished Creatures
  The ghost of heikuro the Shield-Bearer, an amateur FoFi of Gozag (D:4)
  Sigmund (D:4)
  Eustachio (D:4)
  An orc warrior (D:5)
  A phantom (D:4)
  A scorpion (D:4)
  A gnoll shaman (D:5)
  A jelly (D:4)
  A bullfrog skeleton (D:5)
  A hound (D:5)
  An orc priest (D:5)
  Jessica (D:2)
  Terence (D:3)
  An orc wizard (D:5)
  Natasha (twice) (D:4)
  A scorpion zombie (D:5)
  A hound skeleton (D:3)
  A howler monkey zombie (D:5)
  5 gnolls (D:5)
  3 adders
  A shadow imp (D:5)
  A white imp (D:5)
  An adder skeleton (D:4)
  A dart slug (D:1)
  4 orcs
  9 ball pythons
  5 endoplasms
  3 giant cockroaches
  5 goblins
  4 hobgoblins
  7 jackals
  4 quokkas
  7 bats
  5 frilled lizards
  3 kobolds
  9 rats
96 creatures vanquished.

Vanquished Creatures (others)
  Natasha (D:4)
1 creature vanquished.

Grand Total: 97 creatures vanquished

Notes
Turn   | Place    | Note
-------+----------+-------------------------------------------
     0 | D:1      | Redcow54321 the Troll Fighter began the quest for the Orb.
     0 | D:1      | Reached XP level 1. HP: 22/22 MP: 0/0
   248 | D:1      | Reached XP level 2. HP: 29/29 MP: 1/1
   261 | D:1      | Reached skill level 3 in Unarmed Combat
   575 | D:1      | Reached XP level 3. HP: 36/36 MP: 2/2
  1000 | D:2      | Reached skill level 4 in Unarmed Combat
  1265 | D:2      | Noticed Jessica
  1268 | D:2      | Killed Jessica
  1269 | D:2      | Reached XP level 4. HP: 44/44 MP: 3/3
  1561 | D:3      | Gained mutation: You are dopey. (Int -2) [potion of
                  | mutation]
  1562 | D:3      | Lost mutation: You are dopey. (Int -2) [potion of mutation]
  1562 | D:3      | Gained mutation: Your spells are a little harder to cast,
                  | but a little more powerful. [potion of mutation]
  1562 | D:3      | Gained mutation: You have sharp toenails. [potion of
                  | mutation]
  1562 | D:3      | Gained mutation: You heal very quickly. [potion of
                  | mutation]
  2112 | D:3      | Noticed Terence
  2119 | D:3      | Killed Terence
  2120 | D:3      | Reached skill level 5 in Unarmed Combat
  2161 | D:3      | Reached XP level 5. HP: 50/50 MP: 4/4
  2595 | D:4      | Noticed Eustachio
  2603 | D:4      | Killed Eustachio
  2604 | D:4      | Reached skill level 6 in Unarmed Combat
  2604 | D:4      | Reached XP level 6. HP: 53/59 MP: 5/5
  2703 | D:4      | Noticed Sigmund
  2719 | D:4      | Killed Sigmund
  2720 | D:4      | Reached skill level 7 in Unarmed Combat
  2782 | D:4      | Found a staircase to the Ecumenical Temple.
  2829 | D:4      | Identified the ring of Xeocusylegi {rCorr Int+3 Dex+6}
  2834 | D:4      | Found a runed translucent door.
  2880 | D:4      | Noticed Natasha
  2882 | D:4      | Reached XP level 7. HP: 66/66 MP: 6/6
  2895 | D:4      | Reached skill level 8 in Unarmed Combat
  2901 | D:4      | Killed Natasha
  2935 | D:4      | Killed Natasha
  2962 | D:4      | Noticed Natasha
  2969 | D:4      | Killed Natasha
  2983 | D:4      | Noticed heikuro's ghost (amateur FoFi)
  3139 | D:4      | Killed heikuro's ghost
  3140 | D:4      | Reached skill level 9 in Unarmed Combat
  3181 | D:5      | Entered Level 5 of the Dungeon
  3404 | D:5      | Reached XP level 8. HP: 74/74 MP: 7/7
  3538 | D:5      | Found an ornate altar of the Wu Jian Council.
  3539 | D:5      | Found a shadowy altar of Dithmenos.
  3553 | D:5      | Found a hazy altar of Hepliaklqana.
  3553 | D:5      | Found a hide-covered altar of Uskayaw.
  3553 | D:5      | Found a radiant altar of Vehumet.
  3553 | D:5      | Found a burning altar of Makhleb.
  3553 | D:5      | Found a broken altar of Ashenzari.
  3564 | D:5      | Reached skill level 10 in Unarmed Combat
  3576 | D:5      | HP: 3/74 [orc (3)]
  3576 | D:5      | Slain by an orc

Illustrated notes

Levels and vault maps discovered:
D:1:      dpeg_arrival_three_smaller_balls, layout_loops_ring,
          minmay_misc_feat_room
D:2:      layout_loops_cross, minmay_circle_x, uniq_jessica
D:3:      layout_basic, shapermc_ecumenical_altar_petra, minmay_misc_feat_tower,
          uniq_terence
D:4:      layout_rooms, lemuel_temple_firewalk_b, serial_glass, glass_columns_a,
          glass_columns_a, glass_columns_a, ebering_ghost_sewer_d, st_stairs_5,
          chequers_serial_rivers_micro_c, uniq_eustachio, uniq_natasha,
          uniq_sigmund
D:5:      layout_loops_ring, grunt_temple_overflow_open,
          kennysheep_cluttered_room

Skill      XL: |  1  2  3  4  5  6  7  8 |
---------------+-------------------------+-----
Unarmed Combat | 3 4 5 6 7 9 10 | 10.1
Fighting       | |  2.4
Dodging        | |  2.4
Shields        | |  2.4

Action                   |  1- 3 |  4- 6 |  7- 9 || total
-------------------------+-------+-------+-------++-------
Melee: Unarmed           |   122 |    51 |    71 ||   244
       Kick              |       |    10 |    26 ||    36
       Punch             |       |     1 |     3 ||     4
  Use: Potion            |     2 |     2 |     3 ||     7
       Scroll            |       |     2 |       ||     2
 Stab: Sleeping          |     1 |     3 |       ||     4
Armor: Robe              |    43 |     4 |    19 ||    66
Dodge: Dodged            |    63 |    15 |    33 ||   111

Table legend: (Time is in decaauts)
 A = Elapsed time spent in this place.
 B = Non-inter-level travel time spent in this place.
 C = Inter-level travel time spent in this place.
 D = Time resting spent in this place.
 E = Time spent auto-exploring this place.
 F = Levels seen in this place.
 G = Mean time per level.
                   A        B        C        D        E       F      G
               +--------+--------+--------+--------+--------+-----+--------+
         Total |   3563 |   3321 |    242 |      0 |   2738 |   5 |  712.6 |
       Dungeon |   3563 |   3321 |    242 |      0 |   2738 |   5 |  712.6 |
               +--------+--------+--------+--------+--------+-----+--------+

Top non-repeatable levels by time:
     D:3: 1032 daAuts
     D:1: 785 daAuts
     D:2: 773 daAuts
     D:4: 584 daAuts
     D:5: 387 daAuts
